TOP OF THE 1ST |
Fremont Cyclones batting - Pitching for Wapello Seafarers : RHP Fernando Barrón
|
Pitching: RHP Fernando Barrón
|
|
Batting: SHB Jorge Quiñones
|
0-0: Foul Ball, location: 2F 0-1: Reached on error, E3 (Groundball, 3)
|
Batting: LHB Ernesto Hernández
|
0-0: Ball 1-0: Called Strike 1-1: Reached on error, E4 (Groundball, 4) Jorge Quiñones scores
|
Batting: RHB Pablo Pineda
|
0-0: Ball 1-0: SINGLE (Groundball, 6MD) Ernesto Hernández to third Runner from 3rd tries for Home, SAFE, no throw or cutoff
|
Batting: LHB Lou Goeble
|
0-0: Called Strike 0-1: Ball 1-1: Ball Pablo Pineda steals 2nd base 2-1: Swinging Strike 2-2: Ball 3-2: Strikes out looking
|
Batting: RHB Ronald Smith
|
0-0: Called Strike 0-1: Called Strike 0-2: Ball 1-2: Ball 2-2: Ball 3-2: Strikes out swinging
|
Batting: LHB Clayton Bailey
|
0-0: Foul Ball, location: 2F 0-1: Swinging Strike 0-2: Ball 1-2: SINGLE (Line Drive, 56) Pablo Pineda to third Runner from 3rd tries for Home, SAFE, throw made home
|
Batting: RHB Jaime Delgado
|
0-0: Ball 1-0: Called Strike 1-1: Foul Ball, location: 2F 1-2: Ball 2-2: SINGLE (Flyball, 9LS) Clayton Bailey to second Runner from 2nd tries for 3rd, SAFE, throw made to third
|
Batting: RHB Juan Estrada
|
0-0: Called Strike 0-1: Ball 1-1: Ball 2-1: Ground out 6-3 (Groundball, 6)
|
Top of the 1st over - 3 run(s), 3 hit(s), 2 error(s), 2 left on base; Fremont 3 - Wapello 0 |
BOTTOM OF THE 1ST |
Wapello Seafarers batting - Pitching for Fremont Cyclones : RHP Lee Hecker
|
Pitching: RHP Lee Hecker
|
|
Batting: LHB Luis Salazar
|
0-0: Ball 1-0: Called Strike 1-1: Ball 2-1: Called Strike 2-2: Ground out 5-3 (Groundball, 56)
|
Batting: RHB Carlos Martínez
|
0-0: Foul Ball, location: 2F 0-1: Called Strike 0-2: Foul Ball, location: 2F 0-2: Ball 1-2: Ball 2-2: Foul Ball, location: 2F 2-2: Foul Ball, location: 2F 2-2: Ball 3-2: SINGLE (Groundball, 5S)
|
Batting: LHB Félix Costa
|
0-0: Ball 1-0: Called Strike 1-1: Fly out, F6 (Line Drive, 56D)
|
Batting: RHB Manuel Flores
|
0-0: Called Strike 0-1: Called Strike 0-2: Strikes out swinging
|
Bottom of the 1st over - 0 run(s), 1 hit(s), 0 error(s), 1 left on base; Fremont 3 - Wapello 0 |
TOP OF THE 2ND |
Fremont Cyclones batting - Pitching for Wapello Seafarers : RHP Fernando Barrón
|
Batting: RHB Carlos Rosales
|
0-0: Ball 1-0: Ball 2-0: Fly out, F8 (Flyball, 8LD)
|
Batting: SHB Jorge Quiñones
|
0-0: Ball 1-0: SINGLE (Groundball, 56D) (infield hit)
|
Batting: LHB Ernesto Hernández
|
0-0: Ball 1-0: DOUBLE (Line Drive, 9LM) Jorge Quiñones to third Runner from 3rd tries for Home, SAFE, no throw or cutoff
|
Batting: RHB Pablo Pineda
|
0-0: Ball Ernesto Hernández is caught stealing 3rd base 1-0: Swinging Strike 1-1: Foul Ball, location: 2F 1-2: Foul Ball, location: 2F 1-2: Foul Ball, location: 2F 1-2: SINGLE (Groundball, 4M)
|
Batting: LHB Lou Goeble
|
0-0: Foul Ball, location: 2F 0-1: Foul Ball, location: 2F 0-2: Ground out 1-3 (Groundball, 13)
|
Top of the 2nd over - 1 run(s), 3 hit(s), 0 error(s), 1 left on base; Fremont 4 - Wapello 0 |
BOTTOM OF THE 2ND |
Wapello Seafarers batting - Pitching for Fremont Cyclones : RHP Lee Hecker
|
Batting: RHB Carlos Rocha
|
0-0: Ball 1-0: Foul Ball, location: 2F 1-1: Ball 2-1: SINGLE (Groundball, 56D)
|
Batting: SHB Víctor Torres
|
0-0: Foul Ball, location: 2F 0-1: Grounds into double play, 4-6-3 (Groundball, 4)
|
Batting: RHB Takuro Okawa
|
0-0: SINGLE (Groundball, 6MD)
|
Batting: RHB António Aguilera
|
0-0: Foul Ball, location: 2F 0-1: Foul Ball, location: 2F 0-2: Ball 1-2: Foul Ball, location: 2F 1-2: Fielders Choice at 2nd, U6 (Groundball, 6M)
|
Bottom of the 2nd over - 0 run(s), 2 hit(s), 0 error(s), 1 left on base; Fremont 4 - Wapello 0 |
TOP OF THE 3RD |
Fremont Cyclones batting - Pitching for Wapello Seafarers : RHP Fernando Barrón
|
Batting: RHB Ronald Smith
|
0-0: Foul Ball, location: 2F 0-1: Ball 1-1: Called Strike 1-2: Ball 2-2: Foul Ball, location: 2F 2-2: Strikes out swinging
|
Batting: LHB Clayton Bailey
|
0-0: Ball 1-0: Ground out 5-3 (Groundball, 5)
|
Batting: RHB Jaime Delgado
|
0-0: Ball 1-0: Swinging Strike 1-1: Ball 2-1: Called Strike 2-2: Ball 3-2: Base on Balls
|
Batting: RHB Juan Estrada
|
0-0: Ball 1-0: Ball 2-0: Foul Ball, location: 2F 2-1: Called Strike 2-2: Strikes out swinging
|
Top of the 3rd over - 0 run(s), 0 hit(s), 0 error(s), 1 left on base; Fremont 4 - Wapello 0 |
BOTTOM OF THE 3RD |
Wapello Seafarers batting - Pitching for Fremont Cyclones : RHP Lee Hecker
|
Batting: RHB Albert Cortéz
|
0-0: Ball 1-0: Foul Ball, location: 2F 1-1: Ground out 6-3 (Groundball, 6)
|
Batting: LHB Luis Salazar
|
0-0: Fly out, F7 (Flyball, 7S)
|
Batting: RHB Carlos Martínez
|
0-0: Ball 1-0: Ball 2-0: SINGLE (Groundball, 56D)
|
Batting: LHB Félix Costa
|
0-0: Ball 1-0: Ball 2-0: Ground out 4-3 (Groundball, 4)
|
Bottom of the 3rd over - 0 run(s), 1 hit(s), 0 error(s), 1 left on base; Fremont 4 - Wapello 0 |
TOP OF THE 4TH |
Fremont Cyclones batting - Pitching for Wapello Seafarers : RHP Fernando Barrón
|
Batting: RHB Carlos Rosales
|
0-0: Ball 1-0: Ball 2-0: Foul Ball, location: 2F 2-1: Swinging Strike 2-2: Ball 3-2: Foul Ball, location: 2F 3-2: Foul Ball, location: 2F 3-2: SINGLE (Groundball, 56)
|
Batting: SHB Jorge Quiñones
|
0-0: Swinging Strike 0-1: Ball 1-1: Called Strike 1-2: 2-RUN HOME RUN (Flyball, 9D), Distance : 400 ft
|
Pitching: RHP Jeffery Dillon
|
|
Batting: LHB Ernesto Hernández
|
0-0: Ball 1-0: Swinging Strike 1-1: Ball 2-1: Ball 3-1: Called Strike 3-2: Ground out 4-3 (Groundball, 4)
|
Batting: RHB Pablo Pineda
|
0-0: Fly out, F7 (Flyball, 7M)
|
Batting: LHB Lou Goeble
|
0-0: Called Strike 0-1: Called Strike 0-2: Ball 1-2: Foul Ball, location: 2F 1-2: Ball 2-2: Ball 3-2: Base on Balls
|
Batting: RHB Ronald Smith
|
0-0: Ball 1-0: 2-RUN HOME RUN (Flyball, 89XD), Distance : 435 ft
|
Batting: LHB Clayton Bailey
|
0-0: Ball 1-0: Foul Ball, location: 2F 1-1: Ball 2-1: Foul Ball, location: 2F 2-2: Ground out 6-3 (Groundball, 6)
|
Top of the 4th over - 4 run(s), 3 hit(s), 0 error(s), 0 left on base; Fremont 8 - Wapello 0 |
BOTTOM OF THE 4TH |
Wapello Seafarers batting - Pitching for Fremont Cyclones : RHP Lee Hecker
|
Batting: RHB Manuel Flores
|
0-0: Ball 1-0: Ball 2-0: Ball 3-0: Base on Balls
|
Batting: RHB Carlos Rocha
|
0-0: Foul Ball, location: 2F 0-1: Swinging Strike 0-2: Grounds into double play, U4-3 (Groundball, 4)
|
Batting: SHB Víctor Torres
|
0-0: Ball 1-0: Called Strike 1-1: Ball 2-1: Called Strike 2-2: Ball 3-2: Strikes out looking
|
Bottom of the 4th over - 0 run(s), 0 hit(s), 0 error(s), 0 left on base; Fremont 8 - Wapello 0 |
TOP OF THE 5TH |
Fremont Cyclones batting - Pitching for Wapello Seafarers : RHP Jeffery Dillon
|
Batting: RHB Jaime Delgado
|
0-0: Ball Reached via error on a dropped throw, E3
|
Batting: RHB Juan Estrada
|
0-0: Called Strike 0-1: Ball 1-1: Foul Ball, location: 2F 1-2: Ball 2-2: Grounds into double play, 6-4-3 (Groundball, 6)
|
Batting: RHB Carlos Rosales
|
0-0: Ball 1-0: Ball 2-0: Called Strike 2-1: Swinging Strike 2-2: Ball 3-2: Strikes out looking
|
Top of the 5th over - 0 run(s), 0 hit(s), 1 error(s), 0 left on base; Fremont 8 - Wapello 0 |
BOTTOM OF THE 5TH |
Wapello Seafarers batting - Pitching for Fremont Cyclones : RHP Lee Hecker
|
Batting: RHB Takuro Okawa
|
0-0: Ball 1-0: Called Strike 1-1: Called Strike 1-2: Ground out 6-3 (Groundball, 6)
|
Batting: RHB António Aguilera
|
0-0: Foul Ball, location: 2F 0-1: Called Strike 0-2: Foul Ball, location: 2F 0-2: Ball 1-2: Fly out, F7 (Flyball, 7LS)
|
Batting: RHB Albert Cortéz
|
0-0: Foul Ball, location: 2F 0-1: Ball 1-1: Foul Ball, location: 2F 1-2: Strikes out swinging
|
Bottom of the 5th over - 0 run(s), 0 hit(s), 0 error(s), 0 left on base; Fremont 8 - Wapello 0 |
TOP OF THE 6TH |
Fremont Cyclones batting - Pitching for Wapello Seafarers : RHP Jeffery Dillon
|
Batting: SHB Jorge Quiñones
|
0-0: Ball 1-0: Ball 2-0: Ball 3-0: Called Strike 3-1: Foul Ball, location: 2F 3-2: Foul Ball, location: 2F 3-2: Foul Ball, location: 2F 3-2: Strikes out looking
|
Batting: LHB Ernesto Hernández
|
0-0: Called Strike 0-1: Ball 1-1: Called Strike 1-2: Ball 2-2: Ball 3-2: DOUBLE (Groundball, 3L)
|
Batting: RHB Pablo Pineda
|
0-0: Foul Ball, location: 2F 0-1: Ball 1-1: Called Strike 1-2: Ball 2-2: Strikes out swinging
|
Batting: LHB Lou Goeble
|
0-0: Ball 1-0: Ball 2-0: Foul Ball, location: 2F 2-1: Called Strike 2-2: Fly out, F8 (Popup, 6MD)
|
Top of the 6th over - 0 run(s), 1 hit(s), 0 error(s), 1 left on base; Fremont 8 - Wapello 0 |
BOTTOM OF THE 6TH |
Wapello Seafarers batting - Pitching for Fremont Cyclones : RHP Lee Hecker
|
Batting: LHB Luis Salazar
|
0-0: Ball 1-0: Ground out U3 (Groundball, 3S)
|
Batting: RHB Carlos Martínez
|
0-0: Called Strike 0-1: Swinging Strike 0-2: Foul Ball, location: 2F 0-2: Foul Ball, location: 2F 0-2: Ground out 1-3 (Groundball, 13S)
|
Batting: LHB Félix Costa
|
0-0: Ball 1-0: Ball 2-0: Called Strike 2-1: Swinging Strike 2-2: Foul Ball, location: 2F 2-2: Foul Ball, location: 2F 2-2: Foul Ball, location: 2F 2-2: Strikes out swinging
|
Bottom of the 6th over - 0 run(s), 0 hit(s), 0 error(s), 0 left on base; Fremont 8 - Wapello 0 |
TOP OF THE 7TH |
Fremont Cyclones batting - Pitching for Wapello Seafarers : RHP Jeffery Dillon
|
Pitching: RHP Jacob Edwards
|
|
Batting: RHB Ronald Smith
|
0-0: Called Strike 0-1: Ball 1-1: SINGLE (Groundball, 4)
|
Batting: LHB Clayton Bailey
|
0-0: Ball 1-0: Sac Bunt - play at second, runner OUT! 1-6
|
Batting: RHB Jaime Delgado
|
0-0: Ball 1-0: Ball 2-0: Called Strike 2-1: Ball 3-1: Fly out, F8 (Flyball, 8RM)
|
Batting: RHB Juan Estrada
|
0-0: Ball 1-0: Ball 2-0: Called Strike 2-1: Swinging Strike 2-2: Ball 3-2: Base on Balls Clayton Bailey to second
|
Batting: RHB Carlos Rosales
|
0-0: Ball 1-0: Called Strike 1-1: Fly out, F8 (Line Drive, 78M)
|
Top of the 7th over - 0 run(s), 1 hit(s), 0 error(s), 2 left on base; Fremont 8 - Wapello 0 |
BOTTOM OF THE 7TH |
Wapello Seafarers batting - Pitching for Fremont Cyclones : RHP Lee Hecker
|
Pitching: LHP César Torres
|
|
Now at 1B: Nelson Burton
|
|
Batting: RHB Manuel Flores
|
0-0: Ball 1-0: Called Strike 1-1: SINGLE (Line Drive, 34)
|
Batting: RHB Carlos Rocha
|
0-0: Fly out, F9 (Flyball, 89M)
|
Batting: SHB Víctor Torres
|
0-0: Foul Ball, location: 2F 0-1: Ball 1-1: Ball 2-1: Foul Ball, location: 2F 2-2: Fly out, F7 (Flyball, 7LM)
|
Batting: RHB Takuro Okawa
|
0-0: Ball 1-0: Ball 2-0: Called Strike 2-1: Fielders Choice at 2nd, U6 (Groundball, 6M)
|
Bottom of the 7th over - 0 run(s), 1 hit(s), 0 error(s), 1 left on base; Fremont 8 - Wapello 0 |
TOP OF THE 8TH |
Fremont Cyclones batting - Pitching for Wapello Seafarers : RHP Jacob Edwards
|
Batting: SHB Jorge Quiñones
|
0-0: Ball 1-0: Ground out 6-3 (Groundball, 6M)
|
Batting: LHB Ernesto Hernández
|
0-0: Ball 1-0: SINGLE (Line Drive, 4M)
|
Batting: RHB Pablo Pineda
|
0-0: Ball 1-0: Called Strike 1-1: Ball 2-1: Fly out, F6 (Line Drive, 6)
|
Batting: LHB Lou Goeble
|
0-0: Ball 1-0: Called Strike 1-1: Foul Ball, location: 2F 1-2: Strikes out swinging
|
Top of the 8th over - 0 run(s), 1 hit(s), 0 error(s), 1 left on base; Fremont 8 - Wapello 0 |
BOTTOM OF THE 8TH |
Wapello Seafarers batting - Pitching for Fremont Cyclones : LHP César Torres
|
Now at 2B: Robinson Fernández
|
|
Batting: RHB António Aguilera
|
0-0: Hit by Pitch
|
Batting: RHB Albert Cortéz
|
0-0: Ball 1-0: Called Strike 1-1: Grounds into double play, 5-4-3 (Groundball, 5L)
|
Batting: LHB Luis Salazar
|
0-0: Fly out, F8 (Flyball, 8LM)
|
Bottom of the 8th over - 0 run(s), 0 hit(s), 0 error(s), 0 left on base; Fremont 8 - Wapello 0 |
TOP OF THE 9TH |
Fremont Cyclones batting - Pitching for Wapello Seafarers : RHP Jacob Edwards
|
Batting: RHB Ronald Smith
|
0-0: Ball 1-0: Foul Ball, location: 2F 1-1: Ground out 4-3 (Groundball, 13)
|
Batting: RHB Nelson Burton
|
0-0: Foul Ball, location: 2F 0-1: Foul Ball, location: 2F 0-2: Ball 1-2: Ball 2-2: Strikes out swinging
|
Batting: RHB Jaime Delgado
|
0-0: Called Strike 0-1: Foul Ball, location: 2F 0-2: Fly out, F9 (Line Drive, 89S)
|
Top of the 9th over - 0 run(s), 0 hit(s), 0 error(s), 0 left on base; Fremont 8 - Wapello 0 |
BOTTOM OF THE 9TH |
Wapello Seafarers batting - Pitching for Fremont Cyclones : LHP César Torres
|
Batting: RHB Carlos Martínez
|
0-0: Foul Ball, location: 2F 0-1: Called Strike 0-2: Ball 1-2: Ball 2-2: Ball 3-2: Foul Ball, location: 2F 3-2: Strikes out swinging
|
Batting: LHB Félix Costa
|
0-0: Called Strike 0-1: Ball 1-1: Foul Ball, location: 2F 1-2: Ball 2-2: Foul Ball, location: 2F 2-2: Strikes out looking
|
Batting: RHB Manuel Flores
|
0-0: Called Strike 0-1: Ball 1-1: Ground out 6-3 (Groundball, 6)
|
Bottom of the 9th over - 0 run(s), 0 hit(s), 0 error(s), 0 left on base; Fremont 8 - Wapello 0 |
|